Cogmind - Beta 11.1 --- EXPLORER MODE // 2022.07.29 @ 20:07:48 Player: dodiggitydag Result: Self-destructed Performance ------------- Evolutions (5) 2500 Regions Visited (11) 2200 Robots Destroyed (93) 465 Value Destroyed (3811) 3811 Prototype IDs (17) 340 Alien Tech Used (0) 0 Bonus (954) 954 TOTAL SCORE: 10270 Bonus ------- High Alert Combat Kills 88 Follower Combat Kills 106 Entered DSFs 500 Met Data Miner 300 Friendly Fire -40 Cogmind --------- Core Integrity 945/1000 Matter 290/300 Energy 160/160 System Corruption 0% Temperature Cool (-100) Movement Treading (270) Ox1 Location -5/Waste Parts ------- > --- POWER (1) -------- Light Fission Core > --- PROPULSION (4) --- Heavy Siege Treads > --- UTILITY (9) ------ Cryofiber Web Huge Storage Unit Signal Interpreter Seismic Detector Advanced Targeting Computer ECM Suite Hacking Suite System Shield > --- WEAPON (4) ------- Improved Datajack > --- INVENTORY (25) --- Neutrino Core Improved Treads Armored Treads Armored Treads Heavy Siege Treads Improved Heat Sink Improved Heat Sink Large Storage Unit Huge Storage Unit Energy Well (350) Advanced Visual Processing Unit Advanced Signal Interpreter Layered Medium Armor Plating Hacking Suite EM Pulse Cannon Heavy Machine Gun Magnetic Acceleration Cannon Enhanced Gauss Cannon Enhanced Gauss Cannon Datajack Heavy Mace Heavy Mace Peak State ------------ > --- POWER ------------ Light Fission Core > --- PROPULSION ------- Armored Treads Armored Treads Armored Treads Armored Medium Treads > --- UTILITY ---------- Cryofiber Web Huge Storage Unit Signal Interpreter Seismic Detector Advanced Targeting Computer ECM Suite Layered Light Armor Plating Hacking Suite System Shield > --- WEAPON ----------- Long-range Proton Cannon Enhanced Gauss Cannon Long-range Missile Launcher Improved Datajack > --- INVENTORY -------- Neutrino Core Improved Treads Armored Treads Armored Treads Medium Treads Heavy Siege Treads Improved Heat Sink Improved Heat Sink Large Storage Unit Huge Storage Unit Energy Well Advanced Visual Processing Unit Advanced Signal Interpreter Layered Medium Armor Plating Hacking Suite EM Pulse Cannon Heavy Machine Gun Magnetic Acceleration Cannon Enhanced Gauss Cannon Enhanced Gauss Cannon Heavy Rocket Launcher Datajack Heavy Mace Heavy Mace [Rating: 69] Favorites ----------- Power Ion Engine Engine Ion Engine Power Core Light Fission Core Propulsion Armored Treads Treads Armored Treads Leg Aluminum Leg Utility Signal Interpreter Device Cryofiber Web Storage Huge Storage Unit Processor Signal Interpreter Hackware Hacking Suite Protection Light Armor Plating Weapon Magnetic Acceleration Cannon Energy Gun Pulse Rifle Energy Cannon Long-range Proton Cannon Ballistic Gun Light Assault Rifle Ballistic Cannon Magnetic Acceleration Cannon Launcher Long-range Missile Launcher Impact Weapon Heavy Mace Slashing Weapon Axe Special Melee Weapon Improved Datajack Build | -11 -10 -9 -8 -7 -7 -6 -6 -6 -5 -5 -5 ------- Run | Scr Mat Mat Mat Fac DSF Fac Low Dat Pro Fac Was Slots Evolved 11 | . 1 2 2 2 . 2 . . . 2 . Power . | . . . . . . . . . . . . Propulsion 2 | . . . . 1 . 1 . . . . . Utility 7 | . 1 2 2 . . . . . . 2 . Weapon 2 | . . . . 1 . 1 . . . . . Parts Attached 82 | 8 7 8 27 2 8 9 1 . 5 6 1 Power 8 | 1 . 1 3 . . 2 . . 1 . . Engine 6 | 1 . 1 3 . . 1 . . . . . Core 2 | . . . . . . 1 . . 1 . . Reactor . | . . . . . . . . . . . . Propulsion 20 | 2 . 3 7 1 3 1 . . 1 1 1 Treads 7 | . . . . . 3 1 . . 1 1 1 Leg 13 | 2 . 3 7 1 . . . . . . . Wheel . | . . . . . . . . . . . . Hover . | . . . . . . . . . . . . Flight . | . . . . . . . . . . . . Utility 29 | 3 5 3 10 . 4 . . . 2 2 . Device 9 | 1 1 . 5 . . . . . . 2 . Storage 3 | 1 1 . . . 1 . . . . . . Processor 5 | . . 1 3 . 1 . . . . . . Hackware 2 | . . . . . 1 . . . 1 . . Protection 10 | 1 3 2 2 . 1 . . . 1 . . Artifact . | . . . . . . . . . . . . Weapon 25 | 2 2 1 7 1 1 6 1 . 1 3 . Energy Gun 9 | 2 1 1 4 . . 1 . . . . . Energy Cannon 2 | . . . 1 . . . . . . 1 . Ballistic Gun 1 | . 1 . . . . . . . . . . Ballistic Cannon 3 | . . . . . . 2 . . . 1 . Launcher 6 | . . . 2 1 1 . 1 . . 1 . Special Weapon . | . . . . . . . . . . . . Impact Weapon 1 | . . . . . . 1 . . . . . Slashing Weapon 1 | . . . . . . 1 . . . . . Piercing Weapon . | . . . . . . . . . . . . Special Melee Weapon 2 | . . . . . . 1 . . 1 . . Unidentified Prototypes 4 | . . 1 1 . . 2 . . . . . Parts Lost 20 | . 1 1 9 . 1 1 . . 3 . 4 Power 2 | . . . 1 . . . . . 1 . . Propulsion 5 | . . . 2 . . . . . 1 . 2 Utility 7 | . 1 1 4 . . . . . 1 . . Weapon 6 | . . . 2 . 1 1 . . . . 2 Highest Loss Streak 5 | . 1 1 5 . 1 1 . . 3 . 4 To Critical Strikes 1 | . . . . . . . . . 1 . . Average Slot Usage (%) 94 | . 99 94 95 100 92 89 90 93 94 99 93 Engine 6 | . 12 10 8 7 7 4 6 6 3 . . Core 1 | . . . . . . 2 . . 1 5 5 Treads 13 | . . . . . 12 25 25 25 24 22 18 Leg 8 | . 25 20 15 21 8 . . . . . . Device 10 | . 11 10 15 21 10 6 6 6 6 15 16 Storage 7 | . 12 10 8 7 7 6 6 6 6 5 5 Processor 11 | . . 10 17 21 15 12 12 12 12 11 11 Hackware 4 | . . . . . 4 6 6 6 7 11 11 Protection 8 | . 12 14 11 . 5 6 6 6 6 5 5 Energy Gun 5 | . 13 10 10 14 14 1 . . . . . Ballistic Gun 2 | . 10 10 2 . . . . . . . . Ballistic Cannon 5 | . . . . . . 10 12 12 12 5 3 Launcher 2 | . . . 2 7 6 . 3 6 6 5 4 Impact Weapon 1 | . . . . . . 3 6 6 4 . . Special Melee Weapon 1 | . . . . . . 2 . . 1 5 5 Naked Turns . | . . . . . . . . . . . . Heaviest Build 135 | 19 32 36 41 43 121 127 135 135 135 122 121 Greatest Support 90 | 20 20 20 36 46 60 80 80 80 83 87 90 Greatest Overweight (x) 2 | . 1 1 2 . 2 1 1 1 1 1 1 Average Overweight (x) . | . 1 1 1 . . 1 1 1 1 1 1 Largest Inventory Capacity 25 | 10 15 15 15 15 25 25 25 25 25 25 25 Average Capacity 19 | 7 12 15 15 15 19 25 25 25 25 25 25 Most Carried 25 | 6 12 15 15 14 16 22 24 23 22 25 25 Average Carried 16 | 2 10 14 13 13 14 17 22 22 21 23 24 Final Capacity 25 | 10 15 15 15 15 25 25 25 25 25 25 25 Final Carried 25 | 6 12 15 15 13 15 22 23 22 20 25 23 Class Distribution -------------------- 77% | Hacker-Mutant 18% | Scavenger-Mutant 4% | Hacker-Gunner Dominant Class ---------------- Hacker-Mutant | -10/Materials Scavenger-Mutant | -9/Materials Scavenger-Mutant | -8/Materials Hacker-Gunner | -7/Factory Hacker-Mutant | -7/DSF Hacker-Mutant | -6/Factory Hacker-Mutant | -6/Lower Caves Hacker-Mutant | -6/Data Miner Hacker-Mutant | -5/Proximity Caves Hacker-Mutant | -5/Factory Hacker-Gunner | -5/Waste Resources | -11 -10 -9 -8 -7 -7 -6 -6 -6 -5 -5 -5 ----------- Run | Scr Mat Mat Mat Fac DSF Fac Low Dat Pro Fac Was Matter Collected 2141 | 209 156 127 449 30 157 150 339 . 361 144 19 Remotely . | . . . . . . . . . . . . Salvage Created 3433 | . 389 450 1718 . 188 156 145 . 286 101 . Parts 161 | . 19 29 74 . 10 11 3 . 13 2 . Haulers Intercepted 3 | . . 1 1 . . 1 . . . . . Recyclers Shooed . | . . . . . . . . . . . . Parts Field Recycled . | . . . . . . . . . . . . Retrieved Matter . | . . . . . . . . . . . . Parts Self-Destructed . | . . . . . . . . . . . . Prevented . | . . . . . . . . . . . . Kills | -11 -10 -9 -8 -7 -7 -6 -6 -6 -5 -5 -5 ------- Run | Scr Mat Mat Mat Fac DSF Fac Low Dat Pro Fac Was Combat Hostiles Destroyed 82 | . 8 9 38 . 6 1 8 . 9 3 . Guns 50 | . 8 9 30 . 3 . . . . . . Cannons 14 | . . . 2 . . . 6 . 3 3 . AOE 17 | . . . 5 . 3 1 2 . 6 . . Classes Destroyed 14 | . 2 3 5 . 3 . . . 1 . . Worker 1 | . . . 1 . . . . . . . . Builder 1 | . . 1 . . . . . . . . . Hauler 3 | . . 1 1 . . 1 . . . . . Recycler 1 | . . . 1 . . . . . . . . Watcher 8 | . 2 2 1 . . 3 . . . . . Swarmer 7 | . . . 2 . . . 4 . 1 . . Grunt 53 | . 8 8 24 . 2 . 3 . 6 2 . Brawler 5 | . . 1 3 . . . . . . 1 . Protector 1 | . . . . . . . . . 1 . . Sentry 8 | . . . 8 . . . . . . . . Specialist 2 | . . . . . 2 . . . . . . Hunter 2 | . . . 1 . . . 1 . . . . Programmer 3 | . . . . . 1 1 . . 1 . . Heavy 1 | . . . . . 1 . . . . . . Best Kill Streak 8 | . 3 2 8 . 4 2 3 . 8 2 . Combat Bots Only 8 | . 2 2 8 . 4 1 3 . 8 2 . Max Kills in Single Turn 3 | . 1 1 2 . 2 2 1 . 3 1 . Gunslinging . | . . . . . . . . . . . . Exploded 3 | . . . 2 . 1 1 1 . 3 . . Melee . | . . . . . . . . . . . . Uniques/NPCs Destroyed . | . . . . . . . . . . . . Combat | -11 -10 -9 -8 -7 -7 -6 -6 -6 -5 -5 -5 -------- Run | Scr Mat Mat Mat Fac DSF Fac Low Dat Pro Fac Was Damage Taken 4288 | . 347 152 1248 . 973 265 287 . 639 283 94 Core 570 | . 38 28 138 . 149 106 22 . 34 55 . Absorbed by Shields 72 | . . . . . 72 . . . . . . Regen/Repaired (Parts) 57 | . . . 57 . . . . . . . . Core Remaining (%) 84 | 100 84 93 74 . 78 . . . 80 . . Volleys Fired 247 | . 37 32 123 1 14 3 12 . 13 12 . Largest 3 | . 2 2 2 2 3 2 2 . 3 2 . Hottest 157 | . 90 76 126 118 157 101 101 . 144 138 . Shots Fired 461 | . 74 62 214 2 33 6 23 . 33 14 . Gun 366 | . 74 62 202 2 26 . . . . . . Cannon 65 | . . . 3 . . 6 17 . 25 14 . Launcher 30 | . . . 9 . 7 . 6 . 8 . . Special . | . . . . . . . . . . . . Kinetic 155 | . 30 32 33 . . 6 17 . 25 12 . Thermal 271 | . 44 30 169 2 26 . . . . . . Explosive 30 | . . . 9 . 7 . 6 . 8 . . Electromagnetic 5 | . . . 3 . . . . . . 2 . Robot Hit Streak 61 | . 30 61 44 28 23 6 24 . 52 15 . Robot Miss Streak 2 | . 1 2 1 1 1 . . . 1 . . Penetration Max . | . . . . . . . . . . . . Secondary Targets 7 | . . 1 6 . . . . . . . . Max Gunslinging Chain 1 | . . 1 1 . . . . . . . . Shots Hit Robots 402 | . 60 47 190 1 28 6 18 . 34 17 1 Core Hits 198 | . 23 19 88 1 17 5 15 . 25 5 . Critical Kills . | . . . . . . . . . . . . Critical Parts Destroyed 1 | . . . . . . . . . 1 . . Critical Strikes 26 | . 4 3 10 . 1 1 1 . 5 1 . Burn 18 | . 4 3 10 . 1 . . . . . . Blast 7 | . . . . . . 1 1 . 4 1 . Smash 1 | . . . . . . . . . 1 . . Melee Attacks 11 | . . . . . . 2 . . 5 3 1 Impact 6 | . . . . . . 2 . . 4 . . Slashing . | . . . . . . . . . . . . Piercing . | . . . . . . . . . . . . Sneak Attacks 4 | . . . . . . . . . 1 3 . Combat Hostiles . | . . . . . . . . . . . . Follow-up Attacks . | . . . . . . . . . . . . Damage Inflicted 10024 | . 661 618 3467 17 1110 484 966 . 1878 823 . Guns 4587 | . 661 618 2877 17 414 . . . . . . Cannons 1603 | . . . 49 . . 119 373 . 585 477 . Explosions 3607 | . . . 541 . 696 290 593 . 1141 346 . Melee 227 | . . . . . . 75 . . 152 . . Ramming . | . . . . . . . . . . . . Kinetic 2068 | . 181 176 219 . . 119 373 . 585 415 . Thermal 4301 | . 480 442 2658 17 414 290 . . . . . Explosive 3317 | . . . 541 . 696 . 593 . 1141 346 . Electromagnetic 111 | . . . 49 . . . . . . 62 . Impact 227 | . . . . . . 75 . . 152 . . Slashing . | . . . . . . . . . . . . Piercing . | . . . . . . . . . . . . Highest Corruption 8 | . . . . . 1 . . . 8 . . Average Corruption 6 | . . . . . 1 . . . 7 . . Corruption Purged . | . . . . . . . . . . . . Corruption Blocked . | . . . . . . . . . . . . Effects 13 | . . . . . . . . . 13 . . Message Errors 2 | . . . . . . . . . 2 . . Matter Fused 5 | . . . . . . . . . 5 . . Heat Flow Errors 4 | . . . . . . . . . 4 . . Energy Discharges 1 | . . . . . . . . . 1 . . Weapon Failures 1 | . . . . . . . . . 1 . . Overload Shots . | . . . . . . . . . . . . Overflow Damage 153 | . . . 17 . 20 7 . . 39 70 . Projectiles 64 | . . . . . . . . . 7 57 . Explosions 51 | . . . 17 . 20 . . . 1 13 . Melee 38 | . . . . . . 7 . . 31 . . Knockbacks 10 | . . . . . . 1 2 . 2 5 . Impact 1 | . . . . . . 1 . . . . . Kinetic 9 | . . . . . . . 2 . 2 5 . Secondary . | . . . . . . . . . . . . Self-Inflicted Damage 365 | . . . 6 . 14 231 . . 9 105 . Shots 12 | . . . 2 . 3 4 . . 1 2 . Rammed . | . . . . . . . . . . . . Targets Rammed . | . . . . . . . . . . . . Kicked . | . . . . . . . . . . . . Crushed . | . . . . . . . . . . . . Highest Temperature 403 | . 403 162 368 . 69 . 32 . 300 80 . Average Temperature 95 | . 133 50 97 . 54 . 18 . 97 59 . Received Heat Transfer 2322 | . 288 108 1098 . 402 . 57 . 216 153 . Effects 7 | . 1 . 6 . . . . . . . . Shutdowns 1 | . . . 1 . . . . . . . . Energy Bleed 2 | . . . 2 . . . . . . . . Interference 2 | . . . 2 . . . . . . . . Matter Decay 1 | . . . 1 . . . . . . . . Damage (minor) 1 | . 1 . . . . . . . . . . Siege Activations . | . . . . . . . . . . . . Robots Corrupted . | . . . . . . . . . . . . Combat Hostiles . | . . . . . . . . . . . . Parts Fried . | . . . . . . . . . . . . Impact Corruptions 2 | . . . . . . 1 . . 1 . . Robots Melted 1 | . . . 1 . . . . . . . . Combat Hostiles 1 | . . . 1 . . . . . . . . Parts Melted 17 | . 5 1 11 . . . . . . . . Heat Transferred 10475 | . 1667 1184 6512 37 925 150 . . . . . Parts Sabotaged . | . . . . . . . . . . . . Parts Stolen . | . . . . . . . . . . . . Parts Stripped . | . . . . . . . . . . . . Power Chain Reactions . | . . . . . . . . . . . . Missiles Intercepted . | . . . . . . . . . . . . Alert | -11 -10 -9 -8 -7 -7 -6 -6 -6 -5 -5 -5 ------- Run | Scr Mat Mat Mat Fac DSF Fac Low Dat Pro Fac Was Peak Influence 568 | . 136 206 568 73 281 155 . . . 124 4 Initial 109 | . . 4 15 38 38 109 . . . . 4 Average 109 | . 39 60 275 60 147 64 . . . 25 2 Maximum Alert Level 2 | . . 1 2 . 1 . . . . . . Low Security (%) 79 | 100 100 99 24 100 73 100 . . . 100 100 Level 1 13 | . . . 47 . 26 . . . . . . Level 2 6 | . . . 28 . . . . . . . . Level 3 . | . . . . . . . . . . . . Level 4 . | . . . . . . . . . . . . Level 5 . | . . . . . . . . . . . . High Security . | . . . . . . . . . . . . Max Security . | . . . . . . . . . . . . Squads Dispatched 19 | . 1 4 9 1 2 1 . . 1 . . Investigation 9 | . 1 2 5 1 . . . . . . . Extermination 1 | . . . . . . 1 . . . . . Reinforcement 5 | . . 2 1 . 2 . . . . . . Assault 1 | . . . . . . . . . 1 . . Garrison 3 | . . . 3 . . . . . . . . Intercept . | . . . . . . . . . . . . Searches Triggered . | . . . . . . . . . . . . Construction Impeded . | . . . . . . . . . . . . Haulers Reinforced . | . . . . . . . . . . . . Active Scanning Responses . | . . . . . . . . . . . . Cargo Convoy Interrupts . | . . . . . . . . . . . . Stealth | -11 -10 -9 -8 -7 -7 -6 -6 -6 -5 -5 -5 --------- Run | Scr Mat Mat Mat Fac DSF Fac Low Dat Pro Fac Was Distress Signals 8 | . 2 1 5 . . . . . . . . Communications Jammed . | . . . . . . . . . . . . Distress Signals . | . . . . . . . . . . . . Times Spotted 130 | . 13 17 49 . 16 4 8 . 14 5 4 Peak Tracking Total 7 | . 3 3 7 1 4 1 3 . 6 3 4 Tactical Retreats 9 | . 1 1 1 . 3 . . . 1 2 . Traps | -11 -10 -9 -8 -7 -7 -6 -6 -6 -5 -5 -5 ------- Run | Scr Mat Mat Mat Fac DSF Fac Low Dat Pro Fac Was Traps Triggered 5 | . . . 1 . 2 1 . . . 1 . Indirectly . | . . . . . . . . . . . . Trap Hack Attempts . | . . . . . . . . . . . . Triggered . | . . . . . . . . . . . . Disarmed 16 | . 4 12 . . . . . . . . . Reprogrammed . | . . . . . . . . . . . . Reused . | . . . . . . . . . . . . Traps Extracted . | . . . . . . . . . . . . Installed . | . . . . . . . . . . . . Triggered 1 | . . . . . . . 1 . . . . Machines | -11 -10 -9 -8 -7 -7 -6 -6 -6 -5 -5 -5 ---------- Run | Scr Mat Mat Mat Fac DSF Fac Low Dat Pro Fac Was Machines Disabled 10 | . . 1 1 . . 4 . . 1 3 . Max in Single Turn 4 | . . 1 1 . . 4 . . 1 3 . Machines Sabotaged . | . . . . . . . . . . . . Garrisons Compromised . | . . . . . . . . . . . . Overloaded Fab Kills . | . . . . . . . . . . . . Hacking | -11 -10 -9 -8 -7 -7 -6 -6 -6 -5 -5 -5 --------- Run | Scr Mat Mat Mat Fac DSF Fac Low Dat Pro Fac Was Machines Accessed 26 | . 5 4 7 2 . 2 1 4 . 1 . Terminals 16 | . 4 3 6 2 . . 1 . . . . Fabricators 3 | . . . . . . 2 . . . 1 . Repair Stations 1 | . . . 1 . . . . . . . . Recycling Units 1 | . 1 . . . . . . . . . . Scanalyzers 1 | . . 1 . . . . . . . . . Garrison Access . | . . . . . . . . . . . . Total Hacks 104 | . 22 17 24 6 . 3 1 28 . 3 . Successful 75 | . 15 12 13 3 . 1 1 28 . 2 . Failed 29 | . 7 5 11 3 . 2 . . . 1 . Catastrophic . | . . . . . . . . . . . . Database Lockouts . | . . . . . . . . . . . . Manual 63 | . 16 15 16 4 . . 5 7 . . . Terminals 62 | . 18 16 21 6 . . 1 . . . . Fabricators 6 | . . . . . . 3 . . . 3 . Repair Stations 3 | . . . 3 . . . . . . . . Recycling Units 4 | . 4 . . . . . . . . . . Scanalyzers 1 | . . 1 . . . . . . . . . Garrison Access . | . . . . . . . . . . . . Terminal Hacks 53 | . 8 8 6 2 . . 1 28 . . . Record 13 | . . . 1 . . . 1 11 . . . Part Schematic 10 | . . . . . . . . 10 . . . Robot Schematic 4 | . . . . . . . . 4 . . . Prototype ID Bank 4 | . . 1 . . . . . 3 . . . Open DSF 1 | . . . . 1 . . . . . . . Emergency Access Points 1 | . 1 . . . . . . . . . . Terminal Index 3 | . 1 1 1 . . . . . . . . Garrison Index 1 | . 1 . . . . . . . . . . Alert Level 2 | . 2 . . . . . . . . . . Unreport Threat 4 | . 1 1 2 . . . . . . . . Locate Traps 1 | . . 1 . . . . . . . . . Disarm Traps 3 | . 1 2 . . . . . . . . . Recall Investigation 1 | . 1 . . . . . . . . . . Recall Reinforcements 1 | . . . 1 . . . . . . . . Zone Layout 4 | . . 2 1 1 . . . . . . . Fabricator Hacks 3 | . . . . . . 1 . . . 2 . Network Status 1 | . . . . . . 1 . . . . . Load Schematic 1 | . . . . . . . . . . 1 . Build 1 | . . . . . . . . . . 1 . Repair Station Hacks 3 | . . . 3 . . . . . . . . Scan Component 2 | . . . 2 . . . . . . . . Repair 1 | . . . 1 . . . . . . . . Recycling Unit Hacks 2 | . 2 . . . . . . . . . . Report Inventory 1 | . 1 . . . . . . . . . . Retrieve Components 1 | . 1 . . . . . . . . . . Scanalyzer . | . . . . . . . . . . . . Garrison Access Hacks . | . . . . . . . . . . . . Unauthorized Hacks 13 | . 4 4 4 1 . . . . . . . Terminals 12 | . 4 3 4 1 . . . . . . . Botnet 12 | . 4 3 4 1 . . . . . . . Fabricators . | . . . . . . . . . . . . Repair Stations . | . . . . . . . . . . . . Recycling Units . | . . . . . . . . . . . . Scanalyzers 1 | . . 1 . . . . . . . . . Researchers 1 | . . 1 . . . . . . . . . Garrison Access . | . . . . . . . . . . . . Data Cores Recovered . | . . . . . . . . . . . . Used . | . . . . . . . . . . . . Hacking Detections 17 | . 4 4 7 1 . 1 . . . . . Full Trace Events 13 | . 3 3 6 1 . . . . . . . Feedback Events . | . . . . . . . . . . . . Feedback Blocked . | . . . . . . . . . . . . Robot Schematics Acquired 4 | . . . . . . . . 4 . . . Robots Built . | . . . . . . . . . . . . Authchips . | . . . . . . . . . . . . Time . | . . . . . . . . . . . . Total Robot Build Rating . | . . . . . . . . . . . . Part Schematics Acquired 10 | . . . . . . . . 10 . . . Parts Built 2 | . . . . . . . . . . 2 . Authchips . | . . . . . . . . . . . . Time 117 | . . . . . . . . . . 117 . Total Part Build Rating 14 | . . . . . . . . . . 14 . Parts Repaired 1 | . . . 1 . . . . . . . . Time 26 | . . . 26 . . . . . . . . Parts Recycled . | . . . . . . . . . . . . Recycled Matter . | . . . . . . . . . . . . Retrieved Matter . | . . . . . . . . . . . . Retrieved Components 9 | . 9 . . . . . . . . . . Parts Scanalyzed . | . . . . . . . . . . . . Part Schematics Acquired . | . . . . . . . . . . . . Parts Damaged . | . . . . . . . . . . . . Bothacking | -11 -10 -9 -8 -7 -7 -6 -6 -6 -5 -5 -5 ------------ Run | Scr Mat Mat Mat Fac DSF Fac Low Dat Pro Fac Was Used RIF Installer . | . . . . . . . . . . . . Robots Hacked 3 | . . . . . . . . . . 2 1 Non-combat 2 | . . . . . . . . . . 2 . Combat 1 | . . . . . . . . . . . 1 Robot Hacks Applied 4 | . . . . . . . . . . 3 1 parse_system 1 | . . . . . . . . . . . 1 no_distress 2 | . . . . . . . . . . 2 . find_chute 1 | . . . . . . . . . . 1 . Relay Couplers Released . | . . . . . . . . . . . . Fabnet Peak Effective % . | . . . . . . . . . . . . Robots Rewired 1 | . . . . . . . . . 1 . . Allies Hacked . | . . . . . . . . . . . . Hacks Repelled . | . . . . . . . . . . . . Allies | -11 -10 -9 -8 -7 -7 -6 -6 -6 -5 -5 -5 -------- Run | Scr Mat Mat Mat Fac DSF Fac Low Dat Pro Fac Was Total Allies 2 | . . . . . . . . . 2 . . Largest Group 1 | . . . . . . . . . 1 1 . Highest-Rated Group 96 | . . . . . . . . . 96 29 . Highest-Rated Ally 96 | . . . . . . . . . 96 29 . Total Orders . | . . . . . . . . . . . . Ally Attacks 10 | . . . . . . . . . 6 4 . Total Damage 295 | . . . . . . . . . 237 58 . Kills 2 | . . . . . . . . . 2 . . Allies Corrupted . | . . . . . . . . . . . . Allies Melted . | . . . . . . . . . . . . Intel | -11 -10 -9 -8 -7 -7 -6 -6 -6 -5 -5 -5 ------- Run | Scr Mat Mat Mat Fac DSF Fac Low Dat Pro Fac Was Robot Analysis Total . | . . . . . . . . . . . . Derelict Logs Recovered . | . . . . . . . . . . . . Drone Launches . | . . . . . . . . . . . . Drone Recoveries . | . . . . . . . . . . . . Exploration | -11 -10 -9 -8 -7 -7 -6 -6 -6 -5 -5 -5 ------------- Run | Scr Mat Mat Mat Fac DSF Fac Low Dat Pro Fac Was Turns Passed 7000 | 77 978 696 1208 82 340 1026 644 226 1117 548 58 Spaces Moved 2631 | 52 384 257 389 65 131 388 242 91 422 188 22 Core 5 | 5 . . . . . . . . . . . Treads 1419 | . . . . . 66 388 242 91 422 188 22 Legs 1207 | 47 384 257 389 65 65 . . . . . . Wheels . | . . . . . . . . . . . . Hover . | . . . . . . . . . . . . Flight . | . . . . . . . . . . . . Fastest Speed 50 | 50 190 190 120 120 120 250 250 250 247 247 250 Average Speed 220 | 113 190 190 204 120 198 250 250 250 248 249 252 Slowest Speed 330 | 120 190 190 260 120 330 250 250 250 250 250 260 Overloaded Moves . | . . . . . . . . . . . . Propulsion Burnouts . | . . . . . . . . . . . . Robots Hopped . | . . . . . . . . . . . . Cave-ins Triggered . | . . . . . . . . . . . . Exploration Rate (%) 36 | 4 65 22 44 3 80 13 49 73 58 4 22 Regions Visited 11 Branch Regions 3 Pre-discovered Areas 1 | . . . . . . . . 1 . . . Known Exits Taken 9 | 1 1 1 1 1 . 1 1 1 1 . . Unknown Exits Taken . | . . . . . . . . . . . . Scrap Searched 2 | . . . . . . . 2 . . . . Spaces Dug . | . . . . . . . . . . . . Terrain Destroyed 350 | . . . 61 . 53 25 66 . 130 15 . Melee . | . . . . . . . . . . . . Projectile 7 | . . . . . . 1 2 . 3 1 . AOE 343 | . . . 61 . 53 24 64 . 127 14 . Terrain Rammed . | . . . . . . . . . . . . Walls Destroyed . | . . . . . . . . . . . . Machines Disabled . | . . . . . . . . . . . . Actions | -11 -10 -9 -8 -7 -7 -6 -6 -6 -5 -5 -5 --------- Run | Scr Mat Mat Mat Fac DSF Fac Low Dat Pro Fac Was Total 3407 | 66 564 409 596 67 189 435 258 91 452 256 24 Wait 326 | 1 122 107 27 . 8 19 . . 7 35 . Move 2621 | 51 383 256 388 64 130 387 241 90 421 188 22 Hop . | . . . . . . . . . . . . Pick Up 58 | 5 10 4 13 . 8 7 3 . 1 7 . Fast Attach 33 | 8 2 . 8 . 5 7 . . 1 2 . Attach 25 | . 1 3 8 2 2 2 1 . 3 2 1 Detach 8 | 1 . . 1 . 4 2 . . . . . Swap 25 | . 4 5 11 . 1 1 . . 1 2 . Drop 48 | . 5 2 17 . 12 5 1 1 . 5 . Fire 247 | . 37 32 123 1 14 3 12 . 13 12 . Melee 11 | . . . . . . 2 . . 5 3 1 Ram . | . . . . . . . . . . . . Kick . | . . . . . . . . . . . . Crush . | . . . . . . . . . . . . Escape Stasis 5 | . . . . . 5 . . . . . . Rewire . | . . . . . . . . . . . . Trap . | . . . . . . . . . . . . Miscellaneous . | . . . . . . . . . . . . Route ------- -11/Scrapyard -10/Materials (discovered 3 exits: *Mat x2 / *Min) -9/Materials -8/Materials -7/Factory -7/DSF -6/Factory -6/Lower Caves -6/Data Miner -5/Proximity Caves -5/Factory -5/Waste History --------- Turn | Location | Event 7 | -11/Scrapyard | Identified exit to Materials 7 | -11/Scrapyard | Discovered exit to Materials (range 15) 78 | -11/Scrapyard | Entered Materials 78 | -10/Materials | Evolved 1 slot: Utility x1 91 | -10/Materials | Identified exit to Mines 91 | -10/Materials | Discovered exit to Mines (range 16) 222 | -10/Materials | Identified exit to Materials 222 | -10/Materials | Discovered exit to Materials (range 8) 316 | -10/Materials | Build established: Hacker-Mutant 695 | -10/Materials | Discovered exit to Materials (range 14) 1056 | -10/Materials | Entered another Materials area 1056 | -9/Materials | Evolved 2 slots: Utility x2 1443 | -9/Materials | Identified exit to Materials 1443 | -9/Materials | Discovered exit to Materials (range 4) 1697 | -9/Materials | Build established: Scavenger-Mutant 1752 | -9/Materials | Entered another Materials area 1752 | -8/Materials | Evolved 2 slots: Utility x2 1792 | -8/Materials | Repaired Lgt. Armor Plating 1958 | -8/Materials | Destroyed 8 combat bots 2249 | -8/Materials | Garrison activated, responded to threat 2399 | -8/Materials | Lost 5 parts (1p2n2u) 2869 | -8/Materials | Identified exit to Factory 2869 | -8/Materials | Discovered exit to Factory (range 10) 2960 | -8/Materials | Entered Factory 2960 | -7/Factory | Evolved 2 slots: Propulsion x1, Weapon x1 3041 | -7/Factory | Identified exit to DSF 3042 | -7/Factory | Entered DSF 3095 | -7/DSF | Additional patrols routed to DSF 3194 | -7/DSF | Identified exit to Factory 3194 | -7/DSF | Discovered exit to Factory (range 13) 3382 | -7/DSF | Entered Factory 3382 | -6/Factory | Evolved 2 slots: Propulsion x1, Weapon x1 3596 | -6/Factory | Build established: Hacker-Mutant 4380 | -6/Factory | Identified exit to Lower Caves 4380 | -6/Factory | Discovered exit to Lower Caves (range 14) 4408 | -6/Factory | Entered Lower Caves 5030 | -6/Lower Caves | A Derelict revealed a hidden shortcut to meet someone special 5049 | -6/Lower Caves | Identified exit to Data Miner 5052 | -6/Lower Caves | Entered Data Miner 5052 | -6/Data Miner | Identified exit to Proximity Caves 5052 | -6/Data Miner | Discovered exit to Proximity Caves (range 6) 5100 | -6/Data Miner | Met Data Miner 5190 | -6/Data Miner | Learned location of Section 7 (-2) 5190 | -6/Data Miner | Acquired the access code to Warlord's prototype stash 5215 | -6/Data Miner | Received God Mode back door access code from Data Miner 5278 | -6/Data Miner | Entered Proximity Caves 5601 | -5/Proximity Caves | Escorted by Enhanced Grunt 5943 | -5/Proximity Caves | Attracted the attention of an 0b10 outpost 5998 | -5/Proximity Caves | Lost 3 parts (1p1n1u) 6031 | -5/Proximity Caves | Destroyed 8 combat bots 6257 | -5/Proximity Caves | Identified exit to Factory 6257 | -5/Proximity Caves | Discovered exit to Factory (range 6) 6395 | -5/Proximity Caves | Entered Factory 6395 | -5/Factory | Accompanied by 1 ally 6395 | -5/Factory | Evolved 2 slots: Utility x2 6658 | -5/Factory | Fabricated Hvy. Siege Treads (x2) 6943 | -5/Factory | Sucked down chute 6943 | -5/Factory | Entered Waste 6973 | -5/Waste | Spotted C-40 Crusher 6973 | -5/Waste | Spotted C-40 Crusher 6983 | -5/Waste | Crushed by Compactor (1 part destroyed, 1 dropped) 6986 | -5/Waste | Crushed by Compactor (1 part destroyed, 1 dropped) 6988 | -5/Waste | Spotted C-40 Crusher 6993 | -5/Waste | Crushed by Compactor (1 part destroyed) 7000 | -5/Waste | Crushed by Compactor (1 part destroyed, 2 dropped) 7001 | -5/Waste | Self-destructed Last Messages --------------- 06943_ Triggered Chute Trap. 06943_ A hatch slides open and sucks a vortex of air into the floor. LOCATION=UNKNOWN GOAL=ESCAPE 06948_ Acquired 19 matter. 06983_ Arm. Medium Treads crushed. 06983_ Arm. Treads crushed. 06986_ Jacked C-40 Crusher... >>parse_system Reading system data... 06986_ Arm. Treads crushed. 06986_ Enh. Gauss Cannon crushed. 06986_ Critical hit (Destroy). 06991_ Arm. Treads crushed. 06993_ Hvy. Rocket Launcher crushed. 07000_ Lrn. Proton Cannon crushed. 07000_ Lyr. Light Armor Plating crushed. 07000_ Arm. Treads crushed. [Achievement: Just Browsing] Map ----- +----------------------------------------------------+ | ?????????????????????????????????????????????????? | | ?????????????????????????????????????????????????? | | ?????????????????????????????????????????????????? | | ?????????????????????????????????????????????????? | | ?????????????????????????????????????????????????? | | ?????????????????????? #??????????????????????? | | ????????????????????? ??????????????????????? | | ????????????????????? ??????????????????????? | | ????????????????????? ??????????????????????? | | ????????????????????? ??????????????????????? | | ?????????????????????# #??????????????????????? | | ?????????????????????# #??????????????????????? | | ?????????????????????# #??????????????????????? | | ?????????????????????# #??????????????????????? | | ???????????????????### ######## ?????????????? | | ???????????????????# ?????????????? | | ???????????????????# ???????????????? | | ???????????????????# C ?????????????????? | | ???????????????????? C ????????????????????? | | ?????????????????????# #??????????????????????? | | ???????############??# ]#??????????????????????? | | ???????# #??#CC #??????????????????????? | | ???????# #??#CC #??????????????????????? | | ???????# % #### CC#??????????????????????? | | ???????# CC#??????????????????????? | | ???????# @#??????????????????????? | | ???????# =#??????????????????????? | | ???????# #??????????????????????? | | ???????# #### #??????????????????????? | | ???????# #??# #??????????????????????? | | ???????# #??# #??????????????????????? | | ???????############??# #??????????????????????? | | ?????????????????????# #??????????????????????? | | ????????????????????? ??????????????????????? | | ????????????????????? ?????????????????????? | | ???????????????????? #????????????????????? | | ???????????????????? #????????????????????? | | ???????????????????# #????????????????????? | | ???????????????????# ??????????????????????? | | ????????????????????? ??????????????????????? | | ??????????????????????? ??????????????????????? | | ?????????????????????????????????????????????????? | | ?????????????????????????????????????????????????? | | ?????????????????????????????????????????????????? | | ?????????????????????????????????????????????????? | | ?????????????????????????????????????????????????? | | ?????????????????????????????????????????????????? | | ?????????????????????????????????????????????????? | | ?????????????????????????????????????????????????? | | ?????????????????????????????????????????????????? | +----------------------------------------------------+ Best States ------------- Heat Dissipation 48 Energy Generation 25 Energy Capacity 275 Matter Stores 300 Matter Capacity 300 Sight Range 16 Robot Scan Range 14 Terrain Scan Density 185 ECM Strength 1 Base Temperature (-) 100 Armor Coverage 600 Resistance: KI 35 Resistance: TH 35 Resistance: EX 35 Resistance: EM 35 Resistance: I 35 Resistance: S 35 Resistance: P 35 Evasion (%) 55 Targeting Accuracy 8 Recoil Reduction 4 Offensive Hacking 30 Defensive Hacking 10 Item Schematics ----------------- Combat Drone Bay | -6/Data Miner | Free Lgt. Regenerative Plating | -6/Data Miner | Free Cld. Gravmag System | -6/Data Miner | Free Prc. Matter Filter | -6/Data Miner | Free Enh. Coil Gun | -6/Data Miner | Free Hvy. Siege Treads | -6/Data Miner | Free Imp. Cloaking Device | -6/Data Miner | Free Hardcell Cannon | -6/Data Miner | Free Micro-nuke Launcher | -6/Data Miner | Free Enh. Force Lance | -6/Data Miner | Free Robot Schematics ------------------ A-15 Conveyor | -6/Data Miner | Free X-72 Disruptor | -6/Data Miner | Free R-10 Processor | -6/Data Miner | Free E-15 Imp | -6/Data Miner | Free Fabricated ------------ Hvy. Siege Treads | x2 | -5/Factory Alien Tech Used ----------------- None Achievements -------------- A New Friend Batter Up Just Browsing Quantum Hacking The Oracle root@ Challenges ------------ None Game ------ Seed HackingChainChip Manual? 0 Play Time 01:55:36 Cumulative 16.3 hours Start 2022.07.29 @ 08:08:46 End 2022.07.29 @ 20:07:48 Sessions 7 Manual Loads 0 Difficulty Explorer Special Mode None Game No. 6 Rogue 0 Adventurer 0 Explorer 6 Win Type - Total 0 Types 0/0/0/0/0/0/0/0/0 Lore% 8 Gallery% 25 Achievement% 23 Wizard Run 0 Options --------- ASCII 0 Keyboard 0 Movement Mouse Keybinds 0 Fullscreen 2 Font 20/SmallcapsGlow Map View 66x50 Tactical HUD 1 Map Filters NONE Filters NONE Steam 1 RUN: 876e0d11-2e6b-4a3a-ac5c-1ec004c061d1